 Dungeon Crawl Stone Soup version 0.25.1-2-g60ff931df9 (webtiles) character file.

Game seed: 17079997171537106458

869 Acheron the Chopper (level 8, 0/68 HPs)
             Began as a Hill Orc Monk on Aug 30, 2020.
             Was a Believer of Okawaru.
             Slain by a quasit (1 damage)
             ... on level 6 of the Dungeon on Aug 31, 2020.
             The game lasted 00:22:14 (5035 turns).

Acheron the Chopper (Hill Orc Monk)                 Turns: 5035, Time: 00:22:15

Health: 0/68       AC:  8    Str: 14      XL:     8   Next: 3%
Magic:  10/10      EV: 10    Int: 11      God:    Okawaru [**....]
Gold:   234        SH:  0    Dex: 13 (14) Spells: 9/9 levels left

rFire    . . .     SeeInvis .   A - +2 hand axe (freeze)
rCold    . . .     Gourm    .   (no shield)
rNeg     . . .     Faith    .   y - +1 scale mail
rPois    .         Spirit   .   (no helmet)
rElec    .         Reflect  .   (no cloak)
rCorr    .         Harm     .   (no gloves)
MR       .....                  (no boots)
Stlth    +.........             (no amulet)
HPRegen  0.21/turn              z - +4 ring of slaying
MPRegen  0.12/turn              (no ring)

@: no status effects
A: no striking features
a: Heroism, Renounce Religion


You were on level 6 of the Dungeon.
You worshipped Okawaru.
Okawaru was pleased with you.
You were not hungry.

You visited 1 branch of the dungeon, and saw 6 of its levels.

You collected 234 gold pieces.

Inventory:

Hand Weapons
 a - the cursed +2 mace "Widowermaker" {pain, *Contam +Rage Int+2 Dex+5, unknown}
   (You found it on level 6 of the Dungeon)

   In the hands of one skilled in necromantic magic, it inflicts extra damage on
   living creatures.
   It affects your intelligence (+2).
   It affects your dexterity (+5).
   It lets you go berserk.
   It causes magical contamination when unequipped.
   It has a curse placed upon it.
 d - a +1 spear of pain
 A - a +2 hand axe of freezing (weapon)
Missiles
 h - 47 sling bullets
 k - 232 stones
 u - 15 poisoned darts (quivered)
Armour
 y - a +1 scale mail (worn)
Jewellery
 z - a +4 ring of slaying (left hand)
Wands
 o - a wand of acid (11)
 t - a wand of random effects (28)
Scrolls
 e - a scroll of magic mapping
 s - 3 scrolls of remove curse
 w - a scroll of amnesia
Potions
 g - a potion of flight
 i - a potion of heal wounds {unknown}
 j - a potion of mutation
 l - 2 potions of stabbing
 n - a potion of cancellation {unknown}
 p - a potion of brilliance {unknown}
 r - a potion of berserk rage {unknown}
 v - 2 potions of degeneration {unknown}
Comestibles
 c - 7 rations
 x - 3 chunks of flesh


   Skills:
 * Level 5.2 Fighting
 * Level 6.7 Axes
 * Level 2.1 Throwing
 * Level 4.1 Armour
 * Level 3.4 Dodging
 * Level 2.7 Stealth
 * Level 1.4 Spellcasting
 * Level 1.8 Evocations


You had 9 spell levels left.
You didn't know any spells.
Your spell library was empty.

Dungeon Overview and Level Annotations

Branches:
Dungeon (6/15)
 Temple: D:4-7

Altars:
Ashenzari
Gozag
Kikubaaqudgha
Okawaru
Vehumet
Xom
Yredelemnul

Annotations:
D:5 2 transporters, exclusion: 2 downstairs, Menkaure


Message History

* * * LOW HITPOINT WARNING * * *
The quasit bites you but does no damage.
The quasit claws you.
* * * LOW HITPOINT WARNING * * *
The quasit barely misses you. Something hits you but does no damage.
The centaur shoots an arrow.
The arrow hits you!
* * * LOW HITPOINT WARNING * * *
Okay, then.
You feel better. The quasit barely misses you.
The quasit claws you but does no damage. x2
The centaur shoots an arrow.
The arrow closely misses you. Something hits you.
* * * LOW HITPOINT WARNING * * *
Something shocks you.
* * * LOW HITPOINT WARNING * * *
The quasit misses you.
The quasit claws you but does no damage. x2
The quasit bites you.
* * * LOW HITPOINT WARNING * * *
The quasit claws you.
You die...

#<.... #... #..... #......#
.# #..... #......# .# #...z.
#......#..### ###..z
#.%....#..... ..z
#...§§c....## #..
#.§§§§§§..... ..
###########.§§@{§§....#
##............§5§§§.....
#.......####.§§§§§§....#....
#.......# #.(§§§§§....#...
#.......#########........{#
#..)..........# #.........#
##.#####......# #.........#
#.# #......# #.........#
#.#####......# #.........#


You could see a centaur and a quasit.

Vanquished Creatures
  A phantom (D:5)
  2 necrophages (D:6)
  An ogre (D:5)
  2 centaurs (D:5)
  A crimson imp (D:4)
  A centaur skeleton (D:5)
  4 orc wizards
  An iguana (D:6)
  A worker ant zombie (D:5)
  3 gnolls (D:5)
  3 adders
  A shadow imp (D:5)
  A worm (D:2)
  2 dart slugs (D:1)
  5 leopard geckos
  10 orcs
  A ball python (D:1)
  3 bats (D:1)
  2 giant cockroaches
  7 goblins
  9 hobgoblins
  6 jackals
  6 kobolds
  A quokka (D:4)
  4 frilled lizards
  8 rats
86 creatures vanquished.

Notes
Turn   | Place    | Note
-------+----------+-------------------------------------------
     0 | D:1      | Acheron the Hill Orc Monk began the quest for the Orb.
     0 | D:1      | Reached XP level 1. HP: 19/19 MP: 1/1
   443 | D:1      | Reached XP level 2. HP: 20/27 MP: 2/2
   867 | D:1      | Reached XP level 3. HP: 24/33 MP: 3/3
  1364 | D:1      | You fall into a shaft and drop 1 floor!
  1378 | D:2      | Reached skill level 1 in Armour
  1977 | D:2      | Reached XP level 4. HP: 34/40 MP: 4/4
  2188 | D:2      | Reached skill level 1 in Throwing
  2827 | D:4      | Noticed an ogre
  2839 | D:5      | Entered Level 5 of the Dungeon
  2855 | D:5      | Reached XP level 5. HP: 42/46 MP: 5/5
  2883 | D:5      | Noticed an ogre
  3052 | D:4      | Reached skill level 5 in Axes
  3189 | D:5      | Noticed a phantom
  3193 | D:5      | Found a transporter.
  3204 | D:5      | Noticed a hungry ghost
  3213 | D:5      | Noticed a hungry ghost
  3214 | D:5      | Found an ancient bone altar of Kikubaaqudgha.
  3218 | D:5      | Noticed Menkaure
  3225 | D:5      | Found a basalt altar of Yredelemnul.
  3228 | D:5      | Found a transporter.
  3269 | D:5      | Noticed a centaur
  3279 | D:5      | Killed a centaur
  3279 | D:5      | Reached XP level 6. HP: 24/53 MP: 6/6
  3566 | D:5      | Reached skill level 1 in Evocations
  3759 | D:5      | Found a shattered altar of Ashenzari.
  3772 | D:6      | Noticed a sky beast
  3773 | D:6      | Noticed a sky beast
  3914 | D:5      | Reached skill level 1 in Spellcasting
  3914 | D:5      | Reached XP level 7. HP: 36/60 MP: 8/8
  4107 | D:5      | Reached skill level 6 in Axes
  4370 | D:5      | Reached skill level 5 in Fighting
  4840 | D:6      | Got an encrusted mace
  4917 | D:6      | Found an iron altar of Okawaru.
  4918 | D:6      | Found a radiant altar of Vehumet.
  4918 | D:6      | Found an opulent altar of Gozag.
  4919 | D:6      | Found a shimmering altar of Xom.
  4925 | D:6      | Became a worshipper of Warmaster Okawaru
  4925 | D:6      | Reached * piety under Okawaru
  4925 | D:6      | Reached ** piety under Okawaru
  4999 | D:6      | Reached XP level 8. HP: 58/65 MP: 10/10
  5033 | D:6      | HP: 2/68 [centaur/arrow (7)]
  5035 | D:6      | Slain by a quasit

Illustrated notes

Levels and vault maps discovered:
D:1:      noname_arrival_rooms_in_the_neighbourhood, layout_basic
D:2:      layout_loops_ring
D:3:      layout_basic, minivault_14, uniq_natasha
D:4:      layout_basic, kennysheep_generic_room_15
D:5:      lemuel_castle_with_subvaults [lemuel_castle_interior_carwin_2],
          layout_loops_ring, gammafunk_temple_of_torment, kennysheep_mini,
          first_ration
D:6:      layout_basic, chequers_temple_overflow_statue_of_worship,
          sigmund_army, uniq_crazy_yiuf_cottage

Skill      XL: |  1  2  3  4  5  6  7 |
---------------+----------------------+-----
Fighting       | 4 5 |  5.2
Armour         | 1 2 3 4 |  4.1
Throwing       | 1 2 |  2.1
Stealth        | 2 |  2.7
Axes           | 5 6 |  6.7
Dodging        | 3 |  3.4
Evocations     | 1 |  1.8
Spellcasting   | 1 |  1.4

Action                   |  1- 3 |  4- 6 |  7- 9 || total
-------------------------+-------+-------+-------++-------
Melee: Hand axe          |   168 |   130 |    77 ||   375
Throw: Dart              |       |     4 |       ||     4
  Use: Scroll            |       |    13 |     2 ||    15
       Potion            |       |       |     2 ||     2
 Stab: Sleeping          |     2 |       |       ||     2
  Eat: Chunk             |     3 |     4 |       ||     7
       Ration            |       |     1 |     1 ||     2
Armor: Robe              |    10 |       |       ||    10
       Ring mail         |    44 |    31 |       ||    75
       Scale mail        |       |    11 |    36 ||    47
Dodge: Dodged            |   122 |    78 |    36 ||   236
